Map: Abiogenesis LE

Players

kauP - Winner!

  • Race: Terran Terran
  • Spawn Location: 5:00

Yours

  • Race: Zerg Zerg
  • Spawn Location: 11:00

Event: WCS Leipzig 2018

VOD

Have the link to the VOD?

Description

Time

  • Played on: Jan. 26, 2018, 1:21 p.m.
  • Length: 4:53

All games in this series

Show
View Real Time Build Order
Export as new Build Order

kauP Terran - Winner!

Build Orders:  

Get SALT Encoding   

  12  0:00  SCV  
  13  0:13  SCV  
  14  0:18  Supply Depot  
  14  0:40  Barracks  
  14  0:51  Barracks  
  14  1:05  Barracks  
  14  1:27  Orbital Command, Marine  
  15  1:37  Marine  
  16  1:43  Barracks  
  16  1:48  Marine  
  16  1:53  Marine  
  18  2:06  Supply Depot  
  18  2:08  Marine x2  
  18  2:15  Marine  
  21  2:26  Marine x2  
  23  2:31  Marine  
  23  2:33  Marine  
  25  2:44  Marine x2  
  24  2:49  Marine  
  24  2:51  Marine  
  28  3:02  Marine x2  
  30  3:10  Marine  
  30  3:19  Marine x2  
  27  3:28  Marine  
  28  3:37  Marine x2  
  31  3:55  Marine x2  
  28  4:13  Marine x2  
  27  4:31  Marine  
  28  4:34  Marine  
Show
View Real Time Build Order
Export as new Build Order

Yours Zerg 

Build Orders: Pool Only, Ravager All-In 

Get SALT Encoding   

  12  0:18  Spawning Pool  
  11  0:22  Drone  
  11  0:26  Drone  
  13  0:31  Drone  
  14  0:36  Extractor  
  14  0:38  Drone  
  14  0:41  Extractor  
  13  0:46  Drone  
  14  1:07  Zergling x2, Roach Warren  
  14  1:13  Overlord  
  14  1:25  Overlord  
  14  1:48  Roach x2  
  18  1:57  Roach  
  20  2:14  Roach  
  22  2:18  Ravager  
  22  2:22  Ravager x2  
  25  2:29  Roach  
  27  2:35  Ravager  
  27  2:45  Roach  
  27  2:50  Ravager  
  30  3:00  Overlord  
  30  3:23  Roach x2  
  34  3:28  Ravager  
  35  3:46  Ravager x2  
  37  3:50  Overlord  
  37  4:07  Roach  
  30  4:16  Roach  
  32  4:21  Roach  
  22  4:34  Roach  
  22  4:36  Ravager  
  22  4:39  Ravager  
  22  4:42  Ravager  
Tags
 
Add a new tag
Caveats
  • Supply blocks, unpowered buildings, or Contaminate may cause inaccurate times.
  • Supply counts are checked every 10 seconds.